 Dungeon Sprint DCSS version 0.21-a0-52-gbf49515 (webtiles) character file.

189 Kidiri the Ruffian (level 5, -7/87 HPs)
             Began as a Troll Monk on June 13, 2017.
             Was a Believer of Wu Jian.
             Mangled by a guardian serpent (shapeshifter) (12 damage)
             ... in the Dungeon (Sprint V: "Ziggurat Sprint").
             The game lasted 00:02:22 (151 turns).

Kidiri the Ruffian (Troll Monk)                      Turns: 151, Time: 00:02:22

Health: -7/87      AC:  5    Str: 30    XL:     5   Next: 40%
Magic:  4/4        EV: 14    Int:  6    God:    Wu Jian [**....]
Gold:   0          SH:  0    Dex: 19    Spells: 4/4 levels left

rFire    . . .     SeeInvis .     - Unarmed
rCold    . . .     Gourm    +   (no shield)
rNeg     . . .     Faith    .   a - +0 robe
rPois    .         Spirit   .   (helmet restricted)
rElec    .         Reflect  .   (no cloak)
rCorr    .         Harm     .   (gloves unavailable)
MR       .....     NoTele   +   (boots unavailable)
Stlth    ..........             (no amulet)
Regen    0.7/turn               x - +6 ring of dexterity
MPRegen  0.1/turn               B - +6 ring of strength

@: berserking, slowed
A: unfitting armour, claws 3, fast metabolism 3, gourmand, regeneration 1,
shaggy fur 1, tough skin 2
a: Renounce Religion


You were in the Dungeon.
You worshipped Wu Jian.
Wu Jian was pleased with you.
You were not hungry.

You visited 1 branch

Inventory:

Armour
 a - a +0 robe (worn)
 H - +5 gold dragon scales
 I - the +18 shield of the Gong {rElec rN+ MR+ EV-5}
   (You found it in the Dungeon)

   It affects your evasion (-5).
   It insulates you from electricity.
   It protects you from negative energy.
   It affects your resistance to hostile enchantments.
Jewellery
 x - a +6 ring of dexterity (left claw)
 y - a +6 ring of dexterity
 B - a +6 ring of strength (right claw)
 C - a +6 ring of strength
Wands
 D - a wand of disintegration (7/24)
 E - a wand of iceblast (5/15)
 F - a wand of lightning (5/15)
 G - a wand of acid (5/15)
Scrolls
 h - 4 scrolls of blinking
 o - 4 scrolls of amnesia
 p - 3 scrolls of recharging
 q - 7 scrolls of fog
 r - a scroll of holy word
 s - 5 scrolls of identify
 t - 5 scrolls of remove curse
 u - 2 scrolls of fear
Potions
 c - 10 potions of curing
 d - 8 potions of heal wounds
 e - 6 potions of haste
 f - 7 potions of magic
 g - 2 potions of berserk rage
 i - 2 potions of brilliance
 j - 2 potions of invisibility
 k - 4 potions of resistance
 m - 5 potions of agility
 n - 5 potions of might
Comestibles
 b - 6 bread rations
 v - 42 fruits
 w - 4 meat rations


   Skills:
 * Level 5.6 Fighting
 + Level 3.1 Armour
 * Level 5.6 Dodging
 - Level 1.0 Stealth
 + Level 3.2 Shields
 * Level 6.7 Unarmed Combat


You had 4 spell levels left.
You didn't know any spells.

Dungeon Overview and Level Annotations

Branches:
Dungeon (1/1)

Altars:
Ashenzari
Cheibriados
Dithmenos
Elyvilon
Fedhas
Gozag
Hepliaklqana
Kikubaaqudgha
Makhleb
Nemelex Xobeh
Okawaru
Qazlal
Ru
Sif Muna
Trog
Uskayaw
Vehumet
Wu Jian
Xom
Yredelemnul
Zin
The Shining One
Beogh
Jiyva
Lugonu

Annotations:
D 1 transporter


Innate Abilities, Weirdness & Mutations

You are too large for most types of armour.
You have claws for hands.
Your metabolism is lightning-fast.
You like to eat raw meat.
Your natural rate of healing is unusually fast.
You are covered in fur. (AC +1)
You have very tough skin. (AC +2)


Message History

The deep elf mage is moderately wounded.
You repeatedly attack the deep elf archer from above.
You closely miss the deep elf archer. You barely miss the deep elf archer.
You feel a strong urge to attack something.
The deep elf archer hits you with an uncursed short sword.
* * * LOW HITPOINT WARNING * * *
The deep elf mage casts a spell.
The deep elf mage blinks!
You spin and attack the guardian serpent.
You closely miss the guardian serpent.
The guardian serpent is moderately wounded.
You spin and attack the deep elf archer repeatedly.
You closely miss the deep elf archer. You mangle the deep elf archer!!
The deep elf archer is moderately wounded.
The guardian serpent hits you!
* * * LOW HITPOINT WARNING * * *
The deep elf archer hits you with an uncursed short sword.
* * * LOW HITPOINT WARNING * * *
The guardian serpent hits you!
You die...

▓▓▓▓▓▓▓▓▓▓▓▓▓
▓.8©8.▓.8©8.▓
▓.}[).▓.....▓
▓..@eY▓.).=.▓
▓.§.S.▓.....▓
▓.§§e.▓.....▓
▓.....▓.....▓
▓.....▓▓▓▓▓▓▓
▓▓▓▓▓▓▓


You could see a deep elf archer, a guardian serpent, a deep elf mage and an ice
beast.

Vanquished Creatures
  2 black bears (D)
2 creatures vanquished.

Vanquished Creatures (others)
  4 spatial maelstroms (D)
4 creatures vanquished.

Grand Total: 6 creatures vanquished

Notes
Turn   | Place    | Note
-------+----------+-------------------------------------------
     0 | D        | Kidiri the Troll Monk began the quest for the Orb.
     0 | D        | Reached XP level 1. HP: 22/22 MP: 0/0
     0 | D        | Found a deep blue altar of Sif Muna.
     0 | D        | Found a sacrificial altar of Ru.
     0 | D        | Found a bloodstained altar of Trog.
     0 | D        | Found a stormy altar of Qazlal.
     0 | D        | Found an iron altar of Okawaru.
     0 | D        | Found a sparkling altar of Nemelex Xobeh.
     0 | D        | Found a blossoming altar of Fedhas.
     1 | D        | Banished a spatial maelstrom
     2 | D        | Found a transporter.
     2 | D        | Found an ancient bone altar of Kikubaaqudgha.
     2 | D        | Found a viscous altar of Jiyva.
     2 | D        | Found a corrupted altar of Lugonu.
     2 | D        | Found a hazy altar of Hepliaklqana.
     2 | D        | Found a burning altar of Makhleb.
     2 | D        | Found an opulent altar of Gozag.
     6 | D        | Banished a spatial maelstrom
     8 | D        | Banished a spatial maelstrom
    30 | D        | Banished a spatial maelstrom
    73 | D        | Became a worshipper of the Wu Jian Council
    73 | D        | Reached * piety under Wu Jian
    73 | D        | Reached ** piety under Wu Jian
    74 | D        | Reached skill level 1 in Armour
    74 | D        | Reached skill level 1 in Shields
    74 | D        | Reached skill level 4 in Unarmed Combat
    74 | D        | Reached XP level 2. HP: 32/32 MP: 1/1
    89 | D        | Entered arena 2.
    89 | D        | Noticed a black bear
    89 | D        | Noticed a black bear
    89 | D        | Found a transporter.
    94 | D        | Killed a black bear
    94 | D        | Reached skill level 5 in Unarmed Combat
    94 | D        | Reached XP level 3. HP: 31/41 MP: 2/2
    94 | D        | Reached XP level 4. HP: 37/49 MP: 3/3
    97 | D        | Killed a black bear
    97 | D        | Reached skill level 5 in Fighting
    97 | D        | Reached skill level 5 in Dodging
    97 | D        | Reached skill level 6 in Unarmed Combat
    97 | D        | Reached XP level 5. HP: 33/58 MP: 4/4
   142 | D        | Entered arena 3.
   142 | D        | Noticed a guardian serpent
   142 | D        | Noticed a deep elf mage
   142 | D        | Noticed a deep elf archer
   142 | D        | Found a transporter.
   146 | D        | Noticed an ice beast
   151 | D        | Mangled by a guardian serpent (shapeshifter)

Vault maps used:
D:        sprint_v

Skill      XL: |  1  2  3  4 |
---------------+-------------+-----
Fighting       | 3 4 5 |  5.6
Armour         | 1 2 3 |  3.1
Dodging        | 4 5 |  5.6
Shields        | 1 2 3 |  3.2
Unarmed Combat | 4 5 6 |  6.7
Stealth        | |  1.0

Action                   |  1- 3 |  4- 6 || total
-------------------------+-------+-------++-------
Melee: Unarmed           |     7 |    13 ||    20
  Use: Potion            |     1 |     3 ||     4
  Eat: Chunk             |       |     1 ||     1
Armor: Robe              |     1 |     5 ||     6
Dodge: Dodged            |     8 |    13 ||    21
